[Event "Athens of East GM-Open 2019"]
[Site "Madurai"]
[Date "2019.08.14"]
[Round "6.11"]
[White "Sahoo, Utkal Ranjan"]
[Black "Das, Sayantan"]
[Result "0-1"]
[ECO "D00"]
[WhiteElo "2278"]
[BlackElo "2409"]
[Annotator "NA"]
[PlyCount "134"]
[EventDate "2019.08.11"]
[EventType "swiss"]
[EventCountry "IND"]
[SourceTitle "playchess.com"]
[Source "ChessBase"]
[SourceQuality "1"]
[TimeControl "5400+30"]

1. d4 Nf6 2. Bg5 d5 3. e3 c6 4. Bxf6 exf6 5. g3 (5. Bd3 Bd6 6. Nd2 O-O 7. Qf3 a5 8. Ne2 Na6 9. c3 Nc7 10. h4 Re8 11. g4 Ne6 12. O-O-O b5 13. Rdg1 g6 14. h5 Ng5 {½-½ (43) Mamedyarov,S (2809)-Kramnik,V (2800) Moscow 2018}) 5... Bd6 6. Bg2 {[%emt 0:00:07] D00: 1 d4 d5: Unusual lines} h5 7. h4 Bg4 8. Qd3 Nd7 $146 ({Predecessor:} 8... Na6 9. Ne2 Qb6 10. f3 Qxb2 11. O-O Nb4 12. Qa3 Qxc2 13. Nbc3 {0-1 (37) Paltrinieri,N (2198)-Bogner,S (2527) Ortisei 2016}) 9. Nd2 Qe7 10. Ne2 O-O 11. Bf3 f5 12. Bxg4 fxg4 13. Kf1 c5 14. c3 c4 15. Qc2 b5 16. a3 a5 17. Kg2 Nf6 18. Rhe1 Rfe8 19. Kf1 g6 20. Kg2 Kg7 $17 21. Reb1 Ra6 22. Re1 Ng8 23. Kf1 Bc7 24. Nf4 Nf6 25. Ng2 Re6 26. Re2 Bd6 27. b4 Qc7 28. Kg1 axb4 29. axb4 Bxg3 30. fxg3 Qxg3 31. Nf1 Qh3 32. Nf4 Qxh4 33. Nxe6+ Rxe6 34. Rf2 Ne4 35. Ra7 Ng5 36. Qe2 g3 37. Rf3 Nxf3+ 38. Qxf3 Rf6 39. Qxd5 Rf5 40. Qg2 Rf2 41. Qd5 g2 42. Qe5+ Kh7 43. Ng3 Rf5 44. Qxf5 gxf5 45. Rxf7+ Kg8 46. Rg7+ Kh8 47. Kxg2 f4 48. exf4 Qxf4 49. Nxh5 Qd2+ 50. Kf3 Qd1+ 51. Kf4 Qxh5 52. Rg3 Qh2 53. Kf3 Kh7 54. Kf4 Kh6 55. Kg4 Kg6 56. Rf3 Qe2 57. Kf4 Qe6 58. Rg3+ Kf6 59. Rf3 Qe2 60. Rg3 Qh2 61. Kg4 Ke6 62. Re3+ Kf6 63. Rg3 Qe2+ 64. Kf4 Qf2+ 65. Rf3 Qh4+ 66. Ke3+ Kg5 67. Rf1 Qg3+ 0-1

[Event "Athens of East GM-Open 2019"]
[Site "Madurai"]
[Date "2019.08.14"]
[Round "6.12"]
[White "Kiran, Manisha Mohanty"]
[Black "Muthaiah AL"]
[Result "1/2-1/2"]
[ECO "B44"]
[WhiteElo "2054"]
[BlackElo "2384"]
[Annotator "ChessBase"]
[PlyCount "46"]
[EventDate "2019.08.11"]
[EventType "swiss"]
[EventCountry "IND"]
[SourceTitle "playchess.com"]
[Source "ChessBase"]
[SourceQuality "1"]
[TimeControl "5400+30"]

1. e4 c5 2. Nf3 e6 3. d4 cxd4 4. Nxd4 Nc6 5. Nb5 d6 6. c4 Nf6 7. N1c3 a6 8. Na3 Be7 9. Be2 O-O 10. O-O b6 11. Be3 Bb7 12. Rc1 Rc8 13. Nab1 Ne5 14. Qd4 Ned7 15. b4 Qc7 16. f3 Qb8 17. Rfd1 Bd8 18. Qd2 Bc7 19. Bf4 Ne5 20. Bg5 Ned7 21. Bf4 Ne5 22. Bg5 Ned7 23. Bf4 Ne5 1/2-1/2

[Event "Athens of East GM-Open 2019"]
[Site "Madurai"]
[Date "2019.08.14"]
[Round "6.13"]
[White "Niraj, Saripalli"]
[Black "Mosadeghpour, Masoud"]
[Result "0-1"]
[ECO "D00"]
[WhiteElo "2150"]
[BlackElo "2494"]
[Annotator "ChessBase"]
[PlyCount "108"]
[EventDate "2019.08.11"]
[EventType "swiss"]
[EventCountry "IND"]
[SourceTitle "playchess.com"]
[Source "ChessBase"]
[SourceQuality "1"]
[TimeControl "5400+30"]

1. d4 Nf6 2. Nf3 g6 3. Nc3 d5 4. Bf4 Bg7 5. e3 a6 6. Be2 Nbd7 7. Ne5 Nf8 8. h4 Ne6 9. Bg3 c5 10. Bf3 cxd4 11. exd4 Qb6 12. O-O Qxd4 13. Re1 O-O 14. Nxd5 Nxd5 15. Bxd5 Qxb2 16. Rb1 Qd4 17. Bxe6 Qxd1 18. Bxf7+ Rxf7 19. Rbxd1 Bxe5 20. Rd8+ Rf8 21. Rxf8+ Kxf8 22. Bxe5 Be6 23. a3 Rc8 24. c3 Rc4 25. Bd4 Bd5 26. f3 e6 27. Kf2 Ke8 28. g3 Ra4 29. Ra1 Kd7 30. Ke3 Ra5 31. f4 Rb5 32. Rd1 Rb3 33. a4 Ra3 34. a5 Rxa5 35. Rd2 h5 36. Be5 Kc6 37. Rd1 Ra4 38. Rd4 Ra3 39. Rd1 b5 40. Bd4 a5 41. Ke2 Ra2+ 42. Rd2 Ra1 43. Kd3 a4 44. Kc2 Rf1 45. Kb2 Rf3 46. Bf2 Bc4 47. Be1 Bd3 48. Ka3 Kc5 49. Rb2 Rf1 50. Bd2 Kd5 51. Be3 Ke4 52. Bd4 Ra1+ 53. Kb4 a3 54. Rg2 Bc4 0-1

[Event "Athens of East GM-Open 2019"]
[Site "Madurai"]
[Date "2019.08.14"]
[Round "6.14"]
[White "Saravana, Krishnan P."]
[Black "Lakshmi Narayanan M V"]
[Result "1/2-1/2"]
[ECO "B90"]
[WhiteElo "2277"]
[BlackElo "2166"]
[Annotator "NA"]
[PlyCount "120"]
[EventDate "2019.08.11"]
[EventType "swiss"]
[EventCountry "IND"]
[SourceTitle "playchess.com"]
[Source "ChessBase"]
[SourceQuality "1"]
[TimeControl "5400+30"]

1. e4 c5 2. Nf3 d6 3. d4 cxd4 4. Nxd4 Nf6 5. Nc3 a6 6. h3 e5 7. Nde2 Be6 8. g4 {[%emt 0:00:29] B90: Sicilian Najdorf: Unusual White 6th moves, 6 Be3 Ng4 and 6 Be3 e5} Nc6 (8... h6 9. Bg2 Nbd7 10. a4 Rc8 11. O-O Be7 12. Ng3 g6 13. Nd5 Bxd5 14. exd5 h5 15. g5 Nh7 {½-½ (52) Popov,I (2592)-Bindrich,F (2606) St Petersburg 2018}) 9. Bg2 Be7 10. O-O O-O 11. Nd5 Bxd5 12. exd5 Nb8 13. Ng3 Ne8 14. Be3 Bg5 $146 ({Predecessor:} 14... Nd7 15. Qd2 g6 {½-½ (47) Wrobel,M (1974)-Jurkowski,M (2017) Poland 2017}) 15. Qd2 Bxe3 16. Qxe3 Nd7 17. f4 Rc8 18. c3 exf4 19. Rxf4 Ne5 20. Rb4 b5 21. a4 Nc4 22. Qd4 Rb8 23. axb5 axb5 24. Ra7 g6 25. Ne4 f5 $11 26. Nf2 f4 27. Qe4 Ne5 28. Qe1 f3 29. Bf1 Qh4 30. Kh2 g5 31. Re7 Rf4 32. Qe3 Nf6 33. Rxe5 dxe5 34. Rxf4 gxf4 35. Qxf3 Qg3+ 36. Qxg3 fxg3+ 37. Kxg3 Nxd5 38. Ne4 Kg7 39. Nd6 Nc7 40. Kf3 Kf6 41. Ke4 Rb6 42. Nf5 Ra6 43. h4 Ra4+ 44. b4 Ra1 45. Ne3 h6 46. Bd3 Ra3 47. c4 Rb3 48. cxb5 Rxb4+ 49. Kf3 Ke6 50. Bc4+ Kd6 51. g5 hxg5 52. hxg5 Nxb5 53. g6 Nd4+ 54. Ke4 Ne6 55. Kf5 Ng7+ 56. Kf6 Nh5+ 57. Kg5 Ng7 58. Kf6 Nh5+ 59. Kg5 Ng7 60. Kf6 Nh5+ 1/2-1/2

[Event "Athens of East GM-Open 2019"]
[Site "Madurai"]
[Date "2019.08.14"]
[Round "6.15"]
[White "Jayachandra Srinivas Vellanki"]
[Black "Prasannaa.s"]
[Result "0-1"]
[ECO "A40"]
[WhiteElo "1963"]
[BlackElo "2233"]
[Annotator "ChessBase"]
[PlyCount "126"]
[EventDate "2019.08.11"]
[EventType "swiss"]
[EventCountry "IND"]
[SourceTitle "playchess.com"]
[Source "ChessBase"]
[SourceQuality "1"]
[TimeControl "5400+30"]

1. d4 a6 2. c4 b5 3. b3 Nf6 4. Nf3 e6 5. e3 bxc4 6. bxc4 Bb7 7. Be2 c5 8. O-O cxd4 9. exd4 d6 10. Nc3 Nbd7 11. a4 Be7 12. a5 O-O 13. Re1 Ne4 14. Nxe4 Bxe4 15. Bf1 Bg6 16. Ba3 Qc7 17. d5 Bh5 18. dxe6 fxe6 19. Rxe6 Ne5 20. Be2 Nxf3+ 21. gxf3 Rfd8 22. Bb2 Bf7 23. Qd4 Bf8 24. Re4 d5 25. Rf4 dxc4 26. Rxf7 Qxf7 27. Bxc4 Rxd4 28. Bxf7+ Kxf7 29. Bxd4 Rd8 30. Bb6 Rc8 31. Kg2 Ke6 32. Rd1 Bd6 33. Bd4 g6 34. Rb1 Rc4 35. Be3 Rb4 36. Rc1 Kd7 37. Rd1 Kc6 38. Rc1+ Kb5 39. Bb6 Rh4 40. h3 Bb4 41. Rb1 Rh5 42. Kg3 Ka4 43. Ra1+ Kb3 44. Rb1+ Kc3 45. Ra1 Kb2 46. Bd4+ Kb3 47. Bb6 Bc3 48. Rb1+ Kc2 49. Rf1 Bxa5 50. Bxa5 Rxa5 51. Re1 Rh5 52. f4 a5 53. Re5 Rf5 54. Re7 a4 55. Ra7 Kb3 56. Rxh7 a3 57. Ra7 a2 58. Kg4 Rb5 59. h4 Kb2 60. f5 Rxf5 61. Rb7+ Kc3 62. Ra7 Kb3 63. Rb7+ Ka4 0-1

[Event "Athens of East GM-Open 2019"]
[Site "Madurai"]
[Date "2019.08.14"]
[Round "6.16"]
[White "Hari Madhavan N B"]
[Black "Manigandan, S S"]
[Result "1/2-1/2"]
[ECO "A11"]
[WhiteElo "2231"]
[BlackElo "2100"]
[Annotator "NA"]
[PlyCount "62"]
[EventDate "2019.08.11"]
[EventType "swiss"]
[EventCountry "IND"]
[SourceTitle "playchess.com"]
[Source "ChessBase"]
[SourceQuality "1"]
[TimeControl "5400+30"]

1. Nf3 Nf6 2. g3 d5 3. d4 g6 4. Bg2 Bg7 5. O-O O-O 6. c4 c6 7. b3 a5 8. Nc3 Ne4 9. Bb2 Na6 10. cxd5 Nxc3 11. Bxc3 cxd5 12. Ne5 b5 13. Qd2 b4 14. Bb2 e6 15. a3 Bd7 16. axb4 Nxb4 17. Bc3 Bb5 18. Bf3 f6 19. Bxb4 axb4 20. Nd3 Bxd3 21. Qxd3 Qb6 22. Rxa8 Rxa8 23. Rc1 Bf8 24. e4 dxe4 25. Qxe4 Rd8 26. Rc6 Qxd4 27. Qxe6+ Kh8 28. Rc7 Bg7 29. h4 f5 30. Rc8 Qf6 31. Bd5 Rxc8 1/2-1/2

[Event "Athens of East GM-Open 2019"]
[Site "Madurai"]
[Date "2019.08.14"]
[Round "6.17"]
[White "Samal Ansuman"]
[Black "Lokesh, N.."]
[Result "0-1"]
[ECO "C22"]
[WhiteElo "1975"]
[BlackElo "2202"]
[Annotator "NA"]
[PlyCount "61"]
[EventDate "2019.08.11"]
[EventType "swiss"]
[EventCountry "IND"]
[SourceTitle "playchess.com"]
[Source "ChessBase"]
[SourceQuality "1"]
[TimeControl "5400+30"]

1. e4 e5 2. d4 exd4 3. Qxd4 Nc6 4. Qe3 g6 5. Nc3 Bg7 6. Bd2 Nf6 7. O-O-O O-O 8. h4 Re8 9. h5 d5 10. Qg3 d4 11. Bg5 dxc3 12. Rxd8 cxb2+ 13. Kb1 Rxd8 14. Bd3 Nxe4 15. Qh4 Nxg5 16. Qxg5 Be6 17. hxg6 hxg6 18. Nf3 Bxa2+ 19. Kxa2 Rd5 20. Qh4 Ra5+ 21. Kb3 Rh5 22. Qxh5 gxh5 23. c3 a5 24. Kxb2 a4 25. Rxh5 a3+ 26. Ka2 Bxc3 27. Rg5+ Kf8 28. Bh7 Ke7 29. Bb1 Nb4+ 30. Kb3 a2 31. Ng1 0-1

[Event "Athens of East GM-Open 2019"]
[Site "Madurai"]
[Date "2019.08.14"]
[Round "6.18"]
[White "Balkishan, A.."]
[Black "Arnav Maheshwari"]
[Result "1-0"]
[ECO "A47"]
[WhiteElo "2177"]
[BlackElo "1966"]
[Annotator "ChessBase"]
[PlyCount "69"]
[EventDate "2019.08.11"]
[EventType "swiss"]
[EventCountry "IND"]
[SourceTitle "playchess.com"]
[Source "ChessBase"]
[SourceQuality "1"]
[TimeControl "5400+30"]

1. d4 Nf6 2. Nf3 e6 3. Bg5 b6 4. e4 h6 5. Bxf6 Qxf6 6. Bd3 Bb7 7. Nbd2 c5 8. c3 Nc6 9. e5 Qd8 10. O-O cxd4 11. cxd4 d6 12. Qa4 a6 13. d5 exd5 14. Rfe1 Be7 15. e6 O-O 16. Qg4 Bc8 17. Qf5 g6 18. exf7+ Rxf7 19. Qxd5 Nb4 20. Qxa8 Nxd3 21. Rxe7 Qxe7 22. Qxc8+ Kh7 23. Qc4 Nf4 24. Re1 Qd7 25. h3 d5 26. Qxa6 Qf5 27. Qxb6 g5 28. Re5 Qd7 29. Nf1 g4 30. hxg4 Qxg4 31. Ng3 Nxg2 32. Kxg2 Qxf3+ 33. Kh3 Qf4 34. Qe6 Qxf2 35. Rf5 1-0

[Event "Athens of East GM-Open 2019"]
[Site "Madurai"]
[Date "2019.08.14"]
[Round "6.19"]
[White "Ananthapadmanabh D V"]
[Black "Tiwari, Arjun"]
[Result "1-0"]
[ECO "B20"]
[WhiteElo "1755"]
[BlackElo "2171"]
[Annotator "NA"]
[PlyCount "63"]
[EventDate "2019.08.11"]
[EventType "swiss"]
[EventCountry "IND"]
[SourceTitle "playchess.com"]
[Source "ChessBase"]
[SourceQuality "1"]
[TimeControl "5400+30"]

1. e4 c5 2. d3 Nc6 3. g3 g6 4. Bg2 Bg7 5. Nh3 e5 6. O-O Nge7 7. Nd2 O-O 8. f4 d5 9. Nf2 f5 10. fxe5 fxe4 11. dxe4 d4 12. Nf3 Qb6 13. Qe2 Kh8 14. Kh1 Be6 15. Nd3 Bg8 16. b3 c4 17. bxc4 Bxc4 18. Ba3 Qa5 19. Bd6 Bh6 20. h4 Rad8 21. Bh3 Rfe8 22. Rab1 b5 23. h5 g5 24. Nh2 Nc8 25. Ng4 Nxd6 26. exd6 Rxd6 27. e5 Bg7 28. h6 Bxe5 29. Ngxe5 Rxh6 30. Ng6+ Rxg6 31. Qxe8+ Bg8 32. Ne5 1-0

[Event "Athens of East GM-Open 2019"]
[Site "Madurai"]
[Date "2019.08.15"]
[Round "7.16"]
[White "Surendran N"]
[Black "Saravana, Krishnan P."]
[Result "0-1"]
[ECO "A28"]
[WhiteElo "2152"]
[BlackElo "2277"]
[Annotator "ChessBase"]
[PlyCount "54"]
[EventDate "2019.08.11"]
[EventType "swiss"]
[EventCountry "IND"]
[SourceTitle "playchess.com"]
[Source "ChessBase"]
[SourceQuality "1"]
[TimeControl "5400+30"]

1. c4 e5 2. Nc3 Nf6 3. Nf3 Nc6 4. e3 Bb4 5. Qc2 d6 6. a3 Bxc3 7. Qxc3 Bg4 8. b3 Qe7 9. Bb2 a5 10. d3 Bxf3 11. gxf3 d5 12. cxd5 Nxd5 13. Qc4 Nb6 14. Qg4 g6 15. f4 f5 16. Qd1 Rf8 17. fxe5 f4 18. e4 Nxe5 19. Qc2 O-O-O 20. O-O-O Rf6 21. Kb1 Rc6 22. Qe2 Qe6 23. Bh3 Qxh3 24. Bxe5 Qe6 25. Qb2 Na4 26. bxa4 Rb6 27. Qxb6 Qxb6+ 0-1

[Event "Athens of East GM-Open 2019"]
[Site "Madurai"]
[Date "2019.08.15"]
[Round "7.17"]
[White "Manigandan, S S"]
[Black "Sahoo, Utkal Ranjan"]
[Result "0-1"]
[ECO "D61"]
[WhiteElo "2100"]
[BlackElo "2278"]
[Annotator "ChessBase"]
[PlyCount "114"]
[EventDate "2019.08.11"]
[EventType "swiss"]
[EventCountry "IND"]
[SourceTitle "playchess.com"]
[Source "ChessBase"]
[SourceQuality "1"]
[TimeControl "5400+30"]

1. d4 Nf6 2. c4 e6 3. Nc3 d5 4. Nf3 Be7 5. Bg5 Nbd7 6. e3 h6 7. Bh4 O-O 8. Qc2 c6 9. Rd1 a6 10. a3 Re8 11. h3 b6 12. Bd3 Bb7 13. O-O Rc8 14. e4 dxe4 15. Nxe4 Nxe4 16. Bxe7 Qxe7 17. Bxe4 Red8 18. Rfe1 Nf6 19. c5 bxc5 20. dxc5 Rxd1 21. Rxd1 Nxe4 22. Qxe4 Qxc5 23. Rd7 Ba8 24. Ne5 Qc1+ 25. Kh2 c5 26. Qg4 Qxb2 27. Nxf7 Qf6 28. Nd6 Rf8 29. f3 Bd5 30. Rc7 h5 31. Qg3 h4 32. Qg4 Qe5+ 33. Kh1 c4 34. Qg6 c3 35. f4 Qf6 36. Qxf6 Rxf6 37. Nc8 Kh7 38. Nb6 Rxf4 39. Nxd5 exd5 40. Rxc3 Kg6 41. Rc5 d4 42. Rd5 Kf6 43. g3 hxg3 44. Kg2 Ke6 45. Rd8 Ke5 46. Rd7 g6 47. Re7+ Kd5 48. Rd7+ Kc4 49. Rc7+ Kd5 50. Rd7+ Kc5 51. Rc7+ Kd6 52. Ra7 d3 53. Rxa6+ Ke5 54. Ra5+ Ke4 55. Kxg3 Rf5 56. Ra8 d2 57. Re8+ Kd4 0-1

[Event "Athens of East GM-Open 2019"]
[Site "Madurai"]
[Date "2019.08.15"]
[Round "7.18"]
[White "Aaryan Varshney"]
[Black "Priyanka, Kumari"]
[Result "1-0"]
[ECO "E99"]
[WhiteElo "2272"]
[BlackElo "1991"]
[Annotator "ChessBase"]
[PlyCount "89"]
[EventDate "2019.08.11"]
[EventType "swiss"]
[EventCountry "IND"]
[SourceTitle "playchess.com"]
[Source "ChessBase"]
[SourceQuality "1"]
[TimeControl "5400+30"]

1. d4 Nf6 2. c4 g6 3. Nc3 Bg7 4. e4 d6 5. Nf3 O-O 6. Be2 e5 7. O-O Nc6 8. d5 Ne7 9. Ne1 Nd7 10. Be3 f5 11. f3 f4 12. Bf2 g5 13. Nd3 Rf6 14. c5 Rh6 15. Rc1 Qe8 16. Kh1 Nf6 17. cxd6 cxd6 18. a4 Qg6 19. Ne1 Qh5 20. Bg1 Qh4 21. Bd3 Nh5 22. Ne2 Ng3+ 23. Nxg3 fxg3 24. Qd2 Qh5 25. Rc7 Bf6 26. Nc2 Qe8 27. Ne3 Rxh2+ 28. Bxh2 Qh5 29. Rxc8+ Rxc8 30. Ng4 Kg7 31. Qe1 gxh2 32. Qb4 Rc5 33. Qxb7 Qe8 34. Qxa7 Qc8 35. Qb6 Qd7 36. Bb5 Qc7 37. Qxc7 Rxc7 38. Ne3 Kf8 39. Nc4 Nc8 40. Bc6 Na7 41. Nxd6 Nxc6 42. Rc1 Be7 43. Nb5 Rc8 44. dxc6 Ke8 45. a5 1-0

[Event "Athens of East GM-Open 2019"]
[Site "Madurai"]
[Date "2019.08.15"]
[Round "7.19"]
[White "Nayak Rajesh"]
[Black "Rao, Siddarth Satya"]
[Result "1/2-1/2"]
[ECO "A14"]
[WhiteElo "2250"]
[BlackElo "2230"]
[Annotator "ChessBase"]
[PlyCount "48"]
[EventDate "2019.08.11"]
[EventType "swiss"]
[EventCountry "IND"]
[SourceTitle "playchess.com"]
[Source "ChessBase"]
[SourceQuality "1"]
[TimeControl "5400+30"]

1. Nf3 Nf6 2. g3 e6 3. Bg2 Be7 4. O-O O-O 5. b3 d5 6. Bb2 c5 7. c4 Nc6 8. d3 Re8 9. Nbd2 Bf8 10. a3 d4 11. Ne1 e5 12. e4 g6 13. h3 a5 14. Ndf3 Bd7 15. a4 Nh5 16. Bc1 Ra6 17. Rb1 Ra7 18. Rb2 Bc8 19. Kh2 h6 20. Ng1 Bg7 21. Bf3 Nf6 22. Bg2 Nh5 23. Ne2 Qd6 24. Ng1 Qd8 1/2-1/2

[Event "Athens of East GM-Open 2019"]
[Site "Madurai"]
[Date "2019.08.16"]
[Round "8.5"]
[White "Triapishko, Alexandr"]
[Black "Muthaiah AL"]
[Result "1-0"]
[ECO "B15"]
[WhiteElo "2515"]
[BlackElo "2384"]
[Annotator "RC"]
[PlyCount "91"]
[EventDate "2019.08.11"]
[EventType "swiss"]
[EventCountry "IND"]
[SourceTitle "playchess.com"]
[Source "ChessBase"]
[SourceQuality "1"]
[TimeControl "5400+30"]

1. e4 c6 2. d4 d5 3. Nc3 dxe4 4. Nxe4 Nf6 5. Nxf6+ exf6 6. Bc4 Bd6 7. Qe2+ Qe7 8. Qxe7+ Kxe7 9. Ne2 Re8 10. Bf4 Be6 11. Bd3 Nd7 12. O-O-O Nb6 13. Bxd6+ Kxd6 14. b3 Nd5 15. c4 Nb4 16. Nc3 Nxd3+ 17. Rxd3 Bf5 18. Rf3 Bg6 19. h4 h5 20. Kd2 a6 21. Re3 c5 22. Rhe1 Rxe3 23. fxe3 Kc6 24. a4 Rd8 25. Ne2 Bf5 26. a5 Bg4 27. d5+ Kd6 28. Nf4 g6 29. e4 Ke5 30. Ke3 Re8 31. Nd3+ Kd6 32. Kd2 Rc8 33. Kc3 Bd7 34. b4 cxb4+ 35. Kxb4 Ke7 36. c5 Bb5 37. Nb2 Kd7 38. Nc4 Bxc4 39. Kxc4 Re8 40. Kd4 Rb8 41. Rb1 Kd8 42. Rb6 Ke7 43. c6 Kd6 44. cxb7+ Kc7 45. Rxf6 Rf8 46. e5 1-0

[Event "Athens of East GM-Open 2019"]
[Site "Madurai"]
[Date "2019.08.16"]
[Round "8.6"]
[White "Nikhil Magizhnan"]
[Black "Mosadeghpour, Masoud"]
[Result "0-1"]
[ECO "B50"]
[WhiteElo "2164"]
[BlackElo "2494"]
[Annotator "RC"]
[PlyCount "160"]
[EventDate "2019.08.11"]
[EventType "swiss"]
[EventCountry "IND"]
[SourceTitle "playchess.com"]
[Source "ChessBase"]
[SourceQuality "1"]
[TimeControl "5400+30"]

1. e4 c5 2. Nf3 d6 3. Bc4 Nc6 4. d3 Nf6 5. c3 g6 6. O-O Bg7 7. Bb3 O-O 8. h3 b5 9. Be3 Bb7 10. Nbd2 Rc8 11. d4 Na5 12. Bc2 e6 13. a4 b4 14. cxb4 cxb4 15. Bd3 Qd7 16. Ne1 d5 17. e5 Ne4 18. f3 Ng3 19. Rf2 Nc4 20. Bf4 Nxb2 21. Bb5 Qxb5 22. axb5 Nxd1 23. Rxd1 Nf5 24. Nb3 f6 25. exf6 Bxf6 26. g4 Rc3 27. Nc5 Nxd4 28. Nxb7 Nxb5 29. Nd6 Na3 30. Re2 b3 31. Bd2 b2 32. Bxc3 Bxc3 33. Rxe6 b1=Q 34. Rxb1 Nxb1 35. Nb5 a5 36. Nxc3 Nxc3 37. Rc6 d4 38. Nc2 Ne2+ 39. Kf2 d3 40. Rc5 a4 41. Nb4 Nd4 42. Rd5 Nxf3 43. Nxd3 Ne5+ 44. Ke2 Nxd3 45. Rxd3 Ra8 46. Ra3 Kf7 47. Ke3 Kf6 48. Kf4 h6 49. Ke4 Kg5 50. Ke5 Ra6 51. Kd4 Ra5 52. Ke4 Kh4 53. Kf4 Ra8 54. Ke5 Ra6 55. Kf4 Ra5 56. Ke4 g5 57. Kd4 Rb5 58. Ke4 Rb3 59. Rxa4 Rxh3 60. Kf5 h5 61. gxh5+ Kxh5 62. Ra1 g4 63. Ke4 Rf3 64. Rh1+ Kg5 65. Rh8 Rf7 66. Ke3 g3 67. Ke2 Kg4 68. Ke1 g2 69. Ke2 Kg3 70. Rg8+ Kh2 71. Rh8+ Kg1 72. Rh6 Rf5 73. Rh8 Re5+ 74. Kd2 Kf2 75. Rf8+ Kg3 76. Rg8+ Kf3 77. Kd1 Re4 78. Rf8+ Rf4 79. Rg8 Rg4 80. Rf8+ Kg3 0-1

[Event "Athens of East GM-Open 2019"]
[Site "Madurai"]
[Date "2019.08.16"]
[Round "8.17"]
[White "Samal Ansuman"]
[Black "Prasannaa.s"]
[Result "0-1"]
[ECO "B00"]
[WhiteElo "1975"]
[BlackElo "2233"]
[Annotator "RC"]
[PlyCount "56"]
[EventDate "2019.08.11"]
[EventType "swiss"]
[EventCountry "IND"]
[SourceTitle "playchess.com"]
[Source "ChessBase"]
[SourceQuality "1"]
[TimeControl "5400+30"]

1. e4 a6 2. a4 e5 3. d4 exd4 4. Qxd4 Nc6 5. Qe3 Nf6 6. Nc3 Bb4 7. Bd2 O-O 8. O-O-O Re8 9. Qg3 Nxe4 10. Nxe4 Rxe4 11. c3 Bf8 12. Bd3 Rxa4 13. Nf3 d5 14. Ng5 g6 15. f4 Ne7 16. Rhe1 Bf5 17. Kb1 c6 18. b3 Ra5 19. c4 Bg7 20. Bxa5 Qxa5 21. Re5 Bxe5 22. fxe5 h6 23. Nh3 dxc4 24. Bxf5 Nxf5 25. Qf3 cxb3 26. Qxb3 Rd8 27. Rxd8+ Qxd8 28. e6 Qe7 0-1

[Event "Athens of East GM-Open 2019"]
[Site "Madurai"]
[Date "2019.08.17"]
[Round "9.2"]
[White "Venkatesh, M.R."]
[Black "Triapishko, Alexandr"]
[Result "1-0"]
[ECO "B11"]
[WhiteElo "2480"]
[BlackElo "2515"]
[Annotator "ChessBase"]
[PlyCount "115"]
[EventDate "2019.08.11"]
[EventType "swiss"]
[EventCountry "IND"]
[SourceTitle "playchess.com"]
[Source "ChessBase"]
[SourceQuality "1"]
[TimeControl "5400+30"]

1. e4 c6 2. Nc3 d5 3. Nf3 Bg4 4. h3 Bxf3 5. Qxf3 Nf6 6. Be2 e6 7. O-O Be7 8. d3 O-O 9. Qg3 Kh8 10. e5 Nfd7 11. f4 c5 12. Bg4 Nc6 13. Ne2 b5 14. c3 g6 15. Be3 a5 16. Bf2 c4 17. d4 b4 18. h4 a4 19. a3 bxa3 20. bxa3 Rg8 21. Qh3 Nf8 22. h5 Qd7 23. Rfb1 Rb8 24. Rxb8 Nxb8 25. Rb1 Nc6 26. Rb6 Nd8 27. Bh4 Bxh4 28. Qxh4 g5 29. Qf2 Qc7 30. Ra6 gxf4 31. Qh4 f5 32. exf6 Nf7 33. Bf3 Ng5 34. Kf2 Nd7 35. Nxf4 Nxf6 36. Ng6+ hxg6 37. hxg6+ Kg7 38. Qxg5 Rf8 39. Kg1 Re8 40. Rxa4 Rb8 41. Rb4 Re8 42. Qe5 Qxe5 43. dxe5 Ng8 44. Rb6 Kxg6 45. Bxd5 Kf5 46. Bxc4 Kxe5 47. a4 Nf6 48. a5 Rc8 49. Bxe6 Rxc3 50. a6 Ne4 51. Bg4 Ra3 52. Kh2 Nd2 53. Be2 Ra2 54. Rb7 Ne4 55. a7 Nd6 56. Rc7 Kf6 57. Rc6 Ke7 58. Ba6 1-0

[Event "Athens of East GM-Open 2019"]
[Site "Madurai"]
[Date "2019.08.17"]
[Round "9.3"]
[White "Mosadeghpour, Masoud"]
[Black "Das, Sayantan"]
[Result "0-1"]
[ECO "B48"]
[WhiteElo "2494"]
[BlackElo "2409"]
[Annotator "ChessBase"]
[PlyCount "97"]
[EventDate "2019.08.11"]
[EventType "swiss"]
[EventCountry "IND"]
[SourceTitle "playchess.com"]
[Source "ChessBase"]
[SourceQuality "1"]
[TimeControl "5400+30"]

1. e4 c5 2. Nf3 e6 3. d4 cxd4 4. Nxd4 Nc6 5. Nc3 Qc7 6. Be3 a6 7. f4 b5 8. Nb3 Bb7 9. Bd3 d6 10. O-O Nf6 11. a3 Be7 12. Qf3 Rc8 13. Qg3 h5 14. h3 h4 15. Qf2 Nh5 16. a4 b4 17. Ne2 O-O 18. a5 Qb8 19. Nd2 Nf6 20. Nf3 d5 21. e5 Ne4 22. Qe1 Bd8 23. Bb6 Be7 24. Nxh4 g6 25. Nf3 Qa8 26. Bxe4 dxe4 27. Ng5 Bxg5 28. fxg5 e3 29. Qg3 Ne7 30. Nd4 Nd5 31. Rf6 Rc4 32. b3 Rc3 33. Qg4 Qc8 34. Raf1 Rxc2 35. Nxc2 Qxc2 36. R6f3 Qd2 37. Qd4 Qc2 38. Bc5 Rc8 39. Bd6 Qa2 40. Qg4 e2 41. Re1 Qd2 42. Kf2 Nc3 43. Rxc3 bxc3 44. Rxe2 Qd1 45. Re1 Qd2+ 46. Re2 Qd1 47. Re1 Qxb3 48. Kg1 c2 49. Rf1 0-1

[Event "Athens of East GM-Open 2019"]
[Site "Madurai"]
[Date "2019.08.17"]
[Round "9.6"]
[White "Murali Krishnan B T"]
[Black "Shyaamnikhil P"]
[Result "0-1"]
[ECO "A46"]
[WhiteElo "2192"]
[BlackElo "2456"]
[Annotator "ChessBase"]
[PlyCount "99"]
[EventDate "2019.08.11"]
[EventType "swiss"]
[EventCountry "IND"]
[SourceTitle "playchess.com"]
[Source "ChessBase"]
[SourceQuality "1"]
[TimeControl "5400+30"]

1. d4 d6 2. Nf3 Bg4 3. Nbd2 Nf6 4. h3 Bf5 5. g3 h6 6. Bg2 c6 7. b3 Nbd7 8. Bb2 e6 9. O-O Be7 10. Re1 Bh7 11. e4 d5 12. exd5 cxd5 13. c4 dxc4 14. bxc4 O-O 15. Qb3 Rc8 16. Ba3 Rc7 17. Rac1 b6 18. Bf1 Re8 19. Bd3 Bxd3 20. Qxd3 Bxa3 21. Qxa3 Qa8 22. Qa4 Rec8 23. Rc2 Qb7 24. Qb3 Rc6 25. Rec1 Qc7 26. a4 e5 27. a5 bxa5 28. Qa3 a4 29. c5 exd4 30. Nxd4 Rxc5 31. Qxa4 Qb7 32. Rxc5 Rxc5 33. Ra1 Nb6 34. Qa3 Rc7 35. Qf3 Nbd5 36. Ne4 Qb2 37. Nxf6+ Nxf6 38. Rd1 Rc1 39. Rxc1 Qxc1+ 40. Kg2 Qc5 41. Nc6 a5 42. Nd8 a4 43. Kh2 a3 44. Qa8 Qxf2+ 45. Kh1 Qe1+ 46. Kh2 Qd2+ 47. Kg1 Qc1+ 48. Kg2 Qb2+ 49. Kf3 Kh7 50. Nxf7 0-1